 Dungeon Crawl Stone Soup version 0.29.0-4-gdea44cf6ec (webtiles) character file.

Game seed: 9476863771412724742

86 qw the Chopper (level 4, -5/28 HPs)
             Began as a Gargoyle Berserker on Sept 4, 2022.
             Was a Follower of Trog.
             Slain by a gnoll
             ... wielding a +0 halberd
              (9 damage)
             ... on level 2 of the Dungeon.
             The game lasted 00:00:33 (1696 turns).

qw the Chopper (Gargoyle Berserker)                 Turns: 1696, Time: 00:00:33

Health: -5/28      AC:  7    Str: 22    XL:     4   Next: 49%
Magic:  4/4        EV: 11    Int:  8    God:    Trog [*.....]
Gold:   80         SH:  0    Dex:  9    Spells: 3/3 levels left

rFire   . . .      SeeInvis .   Y - +0 hand axe
rCold   . . .      Faith    .   (no shield)
rNeg    + . .      Spirit   .   j - +0 leather armour
rPois   inf        Reflect  .   (no helmet)
rElec   +          Harm     .   g - +0 cloak
rCorr   .          Rampage  .   (no gloves)
Will    .....                   (no boots)
Stlth   +.........              (no amulet)
HPRegen 0.09/turn               (no ring)
MPRegen 0.09/turn               (no ring)

@: on berserk cooldown, slowed, very slow
A: sickness immunity, AC +3, negative energy resistance 1, electricity
resistance, torment resistance 1, petrification resistance
a: Renounce Religion, Berserk


You were on level 2 of the Dungeon.
You worshipped Trog.
Trog was aware of your devotion.
You visited 1 branch of the dungeon, and saw 2 of its levels.

You collected 80 gold pieces.


Innate Abilities, Weirdness & Mutations

You are immune to sickness and miasma.
Your stone body is resilient. (AC +3)
You are immune to poison.
You resist negative energy. (rN+)
You are resistant to electric shocks. (rElec)
You are resistant to unholy torment.
You are immune to petrification.


   Skills:
 - Level 3.2 Fighting
 + Level 4.7 Axes
 - Level 2.1 Armour
 - Level 1.5 Dodging


You had 3 spell levels left.
You didn't know any spells.
Your spell library was empty.

Inventory:

Hand Weapons
 n - a +0 whip
 Y - a +0 hand axe (weapon)
Armour
 c - a +0 ring mail
 g - a +0 cloak (worn)
 j - a +0 leather armour (worn)
Scrolls
 a - a scroll of teleportation {unknown}
 b - 2 scrolls of butterflies {unknown}
Potions
 d - a potion of flight {unknown}
 e - a potion of berserk rage {unknown}
 k - a potion of curing {unknown}
 m - 2 potions of might {unknown}

Dungeon Overview and Level Annotations

Branches:
Dungeon (2/15)

Altars:
Zin


Message History

The gnoll hits you with a +0 club. The gnoll misses you.
The gnoll barely misses you.
You slash the gnoll!
You kill the gnoll!
Trog accepts your kill.
You hit the gnoll. You closely miss the gnoll. You punch the gnoll!
The gnoll is almost dead.
The gnoll barely misses you. x2; The gnoll hits you with a +0 club.
You slash the gnoll!
You kill the gnoll!
Trog accepts your kill.
The gnoll throws a stone.
The stone closely misses you. The gnoll closely misses you.
An endoplasm comes into view.
Items here: $ ))) ?.
You hit the gnoll.
The gnoll is moderately wounded.
The gnoll barely misses you.
You closely miss the gnoll.
The gnoll is moderately wounded.
The gnoll throws a stone.
The stone barely misses you. The gnoll hits you with a +0 halberd!
You barely miss the gnoll.
The gnoll is moderately wounded.
You barely miss the gnoll.
The gnoll is moderately wounded.
You are no longer berserk.
You are exhausted.
You feel yourself slow down.
The gnoll throws a stone.
The stone hits you. The gnoll hits you with a +0 halberd!
You hit the gnoll but do no damage.
The gnoll is moderately wounded.
The gnoll misses you.
You closely miss the gnoll.
The gnoll is moderately wounded.
You hit the endoplasm. The endoplasm misses you. The gnoll barely misses you.
The gnoll hits you with a +0 halberd!
You die...

.......##.# '#######...
..... .777777 #.# .....
......7 #.# ##....
......7 #.# #####....#
~~~...7 #.# #........# #
~.....7##.###........##.#
~.....7#........gJg.....
#~~~~..'..###...@##..##.#
~.....7##.# #...).%......
~.....7#..# #....##......
~~~...7#..# #....# .##.#
......7##.# ###.... ..
......7 #.# #..#.. ..
.777777 #.# #..##.. .. '#
... .... .. . .# ... #..


You could see 2 gnolls and an endoplasm.

Vanquished Creatures
  A jelly (D:2)
  2 gnolls (D:2)
  2 dart slugs
  4 ball pythons
  3 endoplasms
  3 giant cockroaches
  5 goblins
  A hobgoblin (D:1)
  A quokka (D:1)
  3 bats
  A kobold (D:2)
  6 rats
32 creatures vanquished.

Notes
Turn   | Place    | Note
-------+----------+-------------------------------------------
     0 | D:1      | qw the Gargoyle Berserker began the quest for the Orb.
     0 | D:1      | Reached XP level 1. HP: 14/14 MP: 1/1
     0 | D:1      | 0 ||| qw: Version: 0.1-a-103-gd6f5d3a
     0 | D:1      | 0 ||| qw: Game counter: 5455
     0 | D:1      | 0 ||| qw: Always use a shield: true
     0 | D:1      | 0 ||| qw: Do Orc after D:15 true
     0 | D:1      | 0 ||| qw: Do second Lair branch before Depths: true
     0 | D:1      | 0 ||| qw: Lair rune preference: random
     0 | D:1      | 0 ||| qw: Plans: Normal
     0 | D:1      | 0 ||| PLANNING D:1-11
    85 | D:1      | 85 ||| Stepping ~*~*~tactically~*~*~ (hiding).
    86 | D:1      | 86 ||| Stepping ~*~*~tactically~*~*~ (hiding).
    97 | D:1      | Reached skill level 3 in Axes
   232 | D:1      | Reached XP level 2. HP: 19/19 MP: 2/2
   439 | D:1      | Found a faded altar of an unknown god.
   849 | D:1      | 849 ||| DROPPING +0 club.
  1037 | D:1      | 1037 ||| UPGRADING to +0 cloak.
  1042 | D:1      | 1042 ||| UPGRADING to +0 leather armour.
  1052 | D:1      | 1052 ||| DROPPING +0 animal skin.
  1053 | D:1      | 1053 ||| READING scroll labelled JAR PYDWEQEUZE.
  1088 | D:1      | 1088 ||| READING 2 scrolls labelled FEZALE HAILA.
  1089 | D:1      | 1089 ||| READING scroll labelled IGYTIN TYULLO.
  1090 | D:1      | 1090 ||| READING scroll labelled HUFECA EWUPU.
  1091 | D:1      | 1091 ||| READING scroll labelled QAUFOZX MAMN.
  1092 | D:1      | 1092 ||| DRINKING 2 smoky orange potions.
  1093 | D:1      | 1093 ||| DROPPING scroll of blinking.
  1094 | D:1      | 1094 ||| DROPPING potion of magic.
  1162 | D:2      | 1162 ||| STAIRDANCE
  1201 | D:2      | 1201 ||| FLEEEEING.
  1202 | D:2      | 1202 ||| FLEEEEING.
  1212 | D:2      | 1212 ||| Stepping ~*~*~tactically~*~*~ (stealth).
  1216 | D:2      | 1216 ||| Stepping ~*~*~tactically~*~*~ (stealth).
  1218 | D:2      | Reached XP level 3. HP: 22/23 MP: 3/3
  1249 | D:2      | Found a glowing silver altar of Zin.
  1312 | D:2      | 1312 ||| Stepping ~*~*~tactically~*~*~ (stealth).
  1313 | D:2      | 1313 ||| Stepping ~*~*~tactically~*~*~ (stealth).
  1314 | D:2      | 1314 ||| Stepping ~*~*~tactically~*~*~ (stealth).
  1322 | D:2      | 1322 ||| Stepping ~*~*~tactically~*~*~ (stealth).
  1323 | D:2      | 1323 ||| Stepping ~*~*~tactically~*~*~ (stealth).
  1632 | D:2      | Reached ** piety under Trog
  1671 | D:2      | 1671 ||| Stepping ~*~*~tactically~*~*~ (hiding).
  1676 | D:2      | 1676 ||| Stepping ~*~*~tactically~*~*~ (hiding).
  1679 | D:2      | 1679 ||| INVOKING Berserk.
  1684 | D:2      | Reached skill level 4 in Axes
  1684 | D:2      | Reached XP level 4. HP: 28/28 MP: 4/4
  1694 | D:2      | HP: 4/28 [gnoll/+0 halberd (8)]
  1696 | D:2      | Slain by a gnoll

Levels and vault maps discovered:
D:1:      erik_arrival_triangle_medium, layout_basic,
          shapermc_ecumenical_altar_acropolis, kennysheep_nondescript
D:2:      layout_basic, basic_altar, kennysheep_generic_room_16

Skill      XL: |  1  2  3 |
---------------+----------+-----
Axes           | 3 4 |  4.7
Fighting       | |  3.2
Armour         | |  2.1
Dodging        | |  1.5

Action                   |  1- 3 |  4- 6 || total
-------------------------+-------+-------++-------
Melee: Hand axe          |    78 |    12 ||    90
       Punch             |       |     1 ||     1
Invok: Berserk           |     1 |       ||     1
  Use: Scroll            |     5 |       ||     5
       Potion            |     1 |       ||     1
Armor: Animal skin       |    10 |       ||    10
       Leather armour    |    19 |     1 ||    20
Dodge: Dodged            |    45 |    12 ||    57

Table legend:
 A = Non-vault XP
 B = Vault XP
 C = Vault XP percentage of total XP
 D = Non-vault monster count
 E = Vault monster count
 F = Vault count percentage of total count
                 A         B        C        D         E       F
            +---------+---------+-------+---------+---------+-------
      Total |     121 |       2 |   1.6 |      31 |       1 |   3.1
            +---------+---------+-------+---------+---------+-------
        D:1 |      28 |       0 |   0.0 |      16 |       0 |   0.0
        D:2 |      93 |       2 |   2.1 |      15 |       1 |   6.2
            +---------+---------+-------+---------+---------+-------
